 Dungeon Crawl Stone Soup version 0.24-a0-235-g3f03afc (webtiles) character file.

Game seed: 18149695979126917582

16993 KristoblXynda the Cleaver (level 12, -9/91 HPs)
             Began as a Demonspawn Gladiator on Apr 6, 2019.
             Was a High Priest of Makhleb.
             Killed from afar by a red draconian (25 damage)
             ... with a searing blast
             ... in a volcano.
             The game lasted 00:27:37 (14600 turns).

KristoblXynda the Cleaver (Demonspawn Gladiator)   Turns: 14600, Time: 00:27:38

Health: -9/91      AC: 30    Str: 20    XL:     12   Next: 15%
Magic:  12/12      EV: 15    Int: 12    God:    Makhleb [*****.]
Gold:   1153       SH: 14    Dex: 20    Spells: 11/11 levels left

rFire    . . .     SeeInvis .   z - +6 broad axe (chop)
rCold    . . .     Gourm    .   c - +2 shield
rNeg     + . .     Faith    .   j - +2 pearl dragon scales
rPois    .         Spirit   .   (helmet restricted)
rElec    .         Reflect  .   x - +0 cloak
rCorr    .         Harm     .   t - +2 pair of gloves
MR       .....                  (no boots)
Stlth    +.........             (no amulet)
HPRegen  0.25/turn              C - +3 ring of protection
MPRegen  0.13/turn              o - +3 ring of strength

@: agile, sanguine armour, berserk cooldown, very slightly contaminated, slowed,
very slow
A: antennae 2, demonic guardian 2, powered by pain 1, augmentation 1, sanguine
armour 1
a: Minor Destruction, Lesser Servant of Makhleb, Major Destruction, Greater
Servant of Makhleb, Renounce Religion


You were in a volcano.
You worshipped Makhleb.
Makhleb was extremely pleased with you.
You were not hungry.

You visited 3 branches of the dungeon, and saw 15 of its levels.
You also visited: Volcano.

You collected 1192 gold pieces.
You spent 39 gold pieces at shops.

Inventory:

Hand Weapons
 g - the +5 flail of Gallantry {crush, *Slow MR+++ Str+3 Dex+2}
   (You found it on level 6 of the Dungeon)

   It inflicts extra damage upon your enemies.
   It affects your strength (+3).
   It affects your dexterity (+2).
   It affects your resistance to hostile enchantments.
   It may slow you when you take damage.
 z - a +6 broad axe of chopping (weapon)
Missiles
 d - 3 throwing nets (quivered)
Armour
 c - a +2 shield (worn)
 j - +2 pearl dragon scales (worn)
 t - a +2 pair of gloves (worn)
 x - a +0 cloak (worn)
Jewellery
 o - a +3 ring of strength (right hand)
 B - an uncursed ring of resist corrosion
 C - a +3 ring of protection (left hand)
Wands
 i - a wand of scattershot (2)
 K - a wand of acid (7)
Scrolls
 e - 3 scrolls of fear
 l - a scroll of enchant armour
 n - a scroll of magic mapping
 p - 10 scrolls of remove curse
 v - 4 scrolls of blinking
 y - 2 scrolls of amnesia
 J - 3 scrolls of fog
Potions
 b - a potion of flight
 h - 2 potions of ambrosia
 k - a potion of magic
 m - a potion of heal wounds
 q - 3 potions of lignification
 r - 3 potions of curing
 s - a potion of cancellation {unknown}
 u - 4 potions of might
 D - a potion of brilliance
 E - a potion of haste
Comestibles
 f - 12 rations


   Skills:
 + Level 7.1 Fighting
 + Level 11.7 Axes
 - Level 2.0 Throwing
 + Level 9.2 Armour
 - Level 3.2 Dodging
 + Level 9.0 Shields


You had 11 spell levels left.
You didn't know any spells.
Your spell library contained the following spells:

 Spells                   Type           Power        Failure   Level  Hunger
 Magic Dart               Conj           #...         91%         1    ##.....
 Searing Ray              Conj           #.....       97%         2    ###....
 Dazzling Spray           Conj/Hex       #.....       99%         3    ####...
 Force Lance              Conj/Tloc      #.......     100%        4    #####..
 Fulminant Prism          Conj/Hex       #.........   100%        4    #####..
 Iskenderun's Mystic Bla  Conj           #.......     100%        4    #####..


Dungeon Overview and Level Annotations

Branches:
Dungeon (11/15)            Temple (1/1) D:4            Lair (3/6) D:11
  Swamp (0/4) Lair:3        Snake (0/4) Lair:2
    Orc: D:9-12

Altars:
Ashenzari
Cheibriados
Dithmenos
Elyvilon
Fedhas
Gozag
Hepliaklqana
Kikubaaqudgha
Makhleb
Nemelex Xobeh
Okawaru
Qazlal
Ru
Sif Muna
Trog
Uskayaw
Vehumet
Wu Jian
Xom
Yredelemnul
Zin
The Shining One

Shops:
D:6 }::   D:8 !

Annotations:
D:11 1 runed translucent door, Borgoz's ghost, journeyman GrGl


Innate Abilities, Weirdness & Mutations

You have a pair of antennae on your head.
A demonic guardian rushes to your aid.
You sometimes gain a little power by taking damage.
Your magical and physical power is slightly enhanced at high health.
When seriously injured, your bleeding wounds create armour. (AC +6)


Message History

Evoke which item? (* to show all) (? for menu, Esc to quit)
Aiming: Scattershot
Press: ? - help, Shift-Dir - straight line, f - red draconian
Aim: a red draconian, wielding a +0 broad axe of flaming and wearing a +0 cloak (severely wounded, catching its breath)
The burst of metal fragments hits the red draconian.
The burst of metal fragments hits the red draconian but does no damage. x2
The burst of metal fragments hits the red draconian.
The red draconian is severely wounded.
Evoke which item? (* to show all) (? for menu, Esc to quit)
Aiming: Scattershot
Press: ? - help, Shift-Dir - straight line, f/p - red draconian
Aim: a red draconian, wielding a +0 broad axe of flaming and wearing a +0 cloak (black smoke, severely wounded)
The burst of metal fragments hits the two-headed ogre.
The burst of metal fragments hits the two-headed ogre! x2
The two-headed ogre is almost dead.
The red draconian closely misses you. The two-headed ogre closely misses you.
You block the two-headed ogre's attack.
The red draconian breathes flames at you.
The searing blast hits you!!
You die...

#°§≈≈≈.....≈≈≈≈≈
##§≈≈≈8...8≈≈≈≈≈
###≈≈.....≈≈§≈≈#
#§≈.....≈≈≈###
##§8...8≈§≈#
##.O...####
#°Od..# #8...8#
#@....# #.....#
#8...8# #.....#
#.....# #8...8#
#.....# #.....#
#8.∩.8#


You could see a red draconian and 2 two-headed ogres.

Vanquished Creatures
  Urug (Lair:2)
  An unseen horror (D:11)
  An ugly thing (D:11)
  A cyclops (D:9)
  A black mamba (Lair:2)
  3 spiny frogs
  2 komodo dragons (Lair:3)
  A gargoyle (D:10)
  4 hippogriffs
  13 yaks
  A hungry ghost (D:7)
  An acid dragon (D:10)
  11 water moccasins
  A porcupine (Lair:1)
  A sky beast (D:11)
  3 phantoms
  An ice beast (D:9)
  A black bear (D:10)
  3 orc warriors
  An eye of draining (D:11)
  A necrophage (D:11)
  A centaur (D:9)
  2 wolves (Lair:1)
  3 ogres
  2 crocodiles
  10 bullfrogs
  3 scorpions
  5 killer bees (D:10)
  3 electric eels (D:11)
  4 wights
  A crimson imp (D:10)
  7 hounds
  5 orc priests
  2 centaur skeletons
  A bullfrog skeleton (D:7)
  A gnoll shaman (D:8)
  4 jellies
  5 orc wizards
  Natasha (D:2)
  Terence (D:2)
  5 iguanas
  7 hell rats (Lair:2)
  3 worker ants
  3 hound zombies
  A hound skeleton (D:8)
  A howler monkey zombie (D:5)
  6 gnolls
  13 adders
  2 shadow imps
  5 worms
  4 dart slugs
  3 leopard geckos
  26 orcs
  2 giant cockroaches
  10 goblins
  14 hobgoblins
  2 jackals (D:2)
  6 kobolds
  2 quokkas
  A ball python (Lair:2)
  7 bats
  4 frilled lizards
  2 jackal skeletons (D:4)
  A leopard gecko skeleton (D:4)
  16 rats
  A butterfly (Lair:2)
  A fungus (Lair:2)
262 creatures vanquished.

Vanquished Creatures (collateral kills)
  An ogre mage (Volcano)
  A two-headed ogre (D:11)
  A cyclops (D:11)
  An ugly thing (D:11)
  A gargoyle (D:10)
  A spiny frog (Lair:1)
  A kobold demonologist (D:11)
  2 trolls (D:11)
  A slime creature (D:9)
  A hippogriff (Lair:3)
  Sigmund (D:2)
  3 wyverns
  12 yaks
  An acid dragon (D:9)
  A water moccasin (Lair:1)
  An orc warrior (D:8)
  An ogre (D:6)
  11 wolves
  A centaur (D:9)
  2 crocodiles (Lair:1)
  A big kobold (D:9)
  A bullfrog (D:11)
  A scorpion (D:6)
  2 wights (D:6)
  A howler monkey (D:11)
  2 electric eels (D:11)
  2 crimson imps (D:6)
  A jelly (D:7)
  A bullfrog skeleton (D:11)
  4 hounds (D:11)
  2 orc priests
  An orc wizard (D:7)
  An iguana (D:11)
  Natasha (D:2)
  A worker ant (D:11)
  4 orcs
  A leopard gecko zombie (D:6)
72 creatures vanquished.

Vanquished Creatures (others)
  An unseen horror (D:11)
  A wolf (D:11)
  2 plants (Lair:1)
4 creatures vanquished.

Grand Total: 338 creatures vanquished

Notes
Turn   | Place    | Note
-------+----------+-------------------------------------------
     0 | D:1      | KristoblXynda the Demonspawn Gladiator began the quest for
                  | the Orb.
     0 | D:1      | Reached XP level 1. HP: 16/16 MP: 1/1
   479 | D:1      | Reached skill level 3 in Axes
   636 | D:1      | Gained mutation: A weak demonic guardian rushes to your
                  | aid. [demonic ancestry]
   636 | D:1      | Reached XP level 2. HP: 15/22 MP: 2/2
  1210 | D:1      | Gained mutation: When seriously injured, your bleeding
                  | wounds create armour. (AC +6) [demonic ancestry]
  1210 | D:1      | Reached XP level 3. HP: 22/27 MP: 3/3
  1618 | D:2      | Noticed Terence
  1623 | D:2      | Killed Terence
  1623 | D:2      | Reached skill level 1 in Armour
  1679 | D:2      | Gained mutation: You have a pair of small antennae on your
                  | head. [demonic ancestry]
  1679 | D:2      | Reached XP level 4. HP: 14/33 MP: 4/4
  2098 | D:2      | Found a stormy altar of Qazlal.
  2122 | D:2      | Noticed Natasha
  2125 | D:2      | Killed Natasha
  2421 | D:2      | Reached skill level 4 in Axes
  2568 | D:2      | Noticed Sigmund
  2608 | D:2      | Killed Sigmund
  2608 | D:2      | Reached skill level 1 in Shields
  2608 | D:2      | Gained mutation: You sometimes gain a little power by
                  | taking damage. [demonic ancestry]
  2608 | D:2      | Reached XP level 5. HP: 38/38 MP: 5/5
  2911 | D:2      | Noticed Natasha
  2922 | D:2      | Killed Natasha
  3360 | D:3      | Reached XP level 6. HP: 44/44 MP: 6/6
  3736 | D:4      | Reached skill level 5 in Axes
  4083 | D:4      | Found a staircase to the Ecumenical Temple.
  4103 | Temple   | Entered the Ecumenical Temple
  4332 | Temple   | Became a worshipper of Makhleb the Destroyer
  4563 | D:4      | Found a bloodstained altar of Trog.
  4858 | D:5      | Entered Level 5 of the Dungeon
  5032 | D:5      | Gained mutation: A demonic guardian rushes to your aid.
                  | [demonic ancestry]
  5032 | D:5      | Reached XP level 7. HP: 50/50 MP: 7/7
  5315 | D:5      | Reached skill level 6 in Axes
  5865 | D:6      | Reached * piety under Makhleb
  5870 | D:6      | Found Veak's Book Boutique.
  5911 | D:6      | Found a sacrificial altar of Ru.
  5913 | D:6      | Found a glowing silver altar of Zin.
  5939 | D:6      | Reached XP level 8. HP: 43/56 MP: 8/8
  6045 | D:6      | Reached skill level 7 in Axes
  6152 | D:6      | Got an iridescent flail
  6153 | D:6      | Identified the +5 flail of Gallantry {crush, *Slow MR+++
                  | Str+3 Dex+2} (You found it on level 6 of the Dungeon)
  6249 | D:6      | Found Riel Fiad's Book Shoppe.
  6279 | D:6      | Found Tozeifar's Gadget Shop.
  6552 | D:7      | Found a snail-covered altar of Cheibriados.
  6839 | D:7      | Reached ** piety under Makhleb
  7045 | D:8      | Found Ameimimm's Distillery.
  7055 | D:8      | Bought a potion of curing for 39 gold pieces
  7077 | D:8      | Reached skill level 8 in Axes
  7237 | D:8      | Reached skill level 5 in Armour
  7248 | D:8      | Found an ancient bone altar of Kikubaaqudgha.
  7257 | D:8      | Gained mutation: You have a pair of antennae on your head.
                  | [demonic ancestry]
  7257 | D:8      | Reached XP level 9. HP: 46/61 MP: 9/9
  7415 | D:8      | Reached skill level 5 in Shields
  7754 | D:9      | Noticed a cyclops
  7774 | D:9      | Killed a cyclops
  7774 | D:9      | Reached skill level 9 in Axes
  8651 | D:9      | Reached XP level 10. HP: 42/67 MP: 10/10
  8684 | D:9      | Reached *** piety under Makhleb
  9045 | D:10     | Entered Level 10 of the Dungeon
  9046 | D:10     | Noticed a gargoyle
  9055 | D:10     | Killed a gargoyle
  9066 | D:10     | Reached skill level 10 in Axes
  9092 | D:10     | Noticed a gargoyle
  9098 | D:10     | Killed a gargoyle
 10503 | D:11     | Noticed a two-headed ogre
 10514 | D:11     | Killed a two-headed ogre
 10697 | D:11     | Noticed a brown ugly thing
 10716 | D:11     | Noticed a cyclops
 10727 | D:11     | Killed a brown ugly thing
 10738 | D:11     | Noticed a rust devil
 10738 | D:11     | Reached **** piety under Makhleb
 10738 | D:11     | Reached XP level 11. HP: 48/78 MP: 11/11
 10906 | D:11     | Found a runed translucent door.
 10907 | D:11     | Found a shimmering altar of Xom.
 10907 | D:11     | Noticed Borgoz's ghost (journeyman GrGl)
 10907 | D:11     | Noticed a +2 flail of chaos
 10957 | D:11     | Noticed an unseen horror
 10971 | D:11     | Killed an unseen horror
 11013 | D:11     | Noticed an unseen horror
 11031 | D:11     | Killed an unseen horror
 11223 | D:11     | Reached skill level 5 in Fighting
 11301 | D:11     | Found a staircase to the Lair.
 11685 | D:11     | Noticed a white ugly thing
 11701 | D:11     | Killed a white ugly thing
 11701 | D:11     | Reached skill level 11 in Axes
 12311 | Lair:1   | Entered Level 1 of the Lair of Beasts
 12537 | Lair:1   | Reached ***** piety under Makhleb
 13625 | Lair:2   | Found a staircase to the Snake Pit.
 13711 | Lair:2   | Noticed Urug
 13722 | Lair:2   | Killed Urug
 14243 | Lair:2   | Gained mutation: Your magical and physical power is
                  | slightly enhanced at high health. [demonic ancestry]
 14243 | Lair:2   | Reached XP level 12. HP: 89/89 MP: 12/12
 14518 | Lair:3   | Found a dark tunnel.
 14523 | Volcano  | Entered a volcano
 14540 | Volcano  | Noticed an ogre mage
 14561 | Volcano  | Found a burning altar of Makhleb.
 14564 | Volcano  | Killed an ogre mage
 14572 | Volcano  | Noticed a red draconian
 14584 | Volcano  | Noticed a two-headed ogre
 14590 | Volcano  | Noticed a two-headed ogre
 14600 | Volcano  | Killed from afar by a red draconian

Levels and vault maps discovered:
D:1:      wander_arrival_chamber, layout_loops_corners, st_stairs_13
D:2:      wad_lake_hut, layout_basic, first_ration,
          nicolae_qazlal_eye_of_the_storm, uniq_sigmund, uniq_natasha,
          uniq_terence
D:3:      layout_rooms
D:4:      layout_loops_corners, nicolae_overflow_hidden_temple,
          minmay_temple_entry_slanted
D:5:      layout_loops_ring, chequers_serial_rivers_small_b,
          minmay_crystal_room, cheibrodos_gnoll_hut
D:6:      layout_rooms, chequers_temple_overflow_statue_of_worship,
          serial_shops, kennysheep_mini, kennysheep_mini_moat, shop,
          hangedman_decor_clover_reticule
D:7:      layout_rooms, slow_altar_1
D:8:      layout_basic, basic_altar, serial_shops, shop
D:9:      cheibrodos_elevator_heist, layout_stronghold
D:10:     mumra_celtic_spiral_tile, layout_basic
D:11:     layout_loops_ring, erik_lair_island, ebering_ghost_xom
Temple:   hc_temple_tempest_star
Lair:1:   layout_cave_shapes
Lair:2:   layout_chaotic_city, minmay_snake_entry_six_corridors,
          lemuel_fruit_fields, uniq_urug
Lair:3:   layout_chaotic_city, minmay_swamp_entry_reptiles,
          nicolae_volcano_entry_s_turn, lemuel_fruit_tree,
          minmay_lair_oklob_chamber, grunt_megastairs_1
Volcano:  kennysheep_volcano_temple

Skill      XL: |  1  2  3  4  5  6  7  8  9 10 11 12 |
---------------+-------------------------------------+-----
Axes           | 3 4 5 6 8 9 10 11 | 11.7
Throwing       | 2 |  2.0
Dodging        | 3 |  3.2
Armour         | 1 2 3 5 6 7 9 |  9.2
Shields        | 1 2 3 4 6 7 8 9 |  9.0
Fighting       | 4 6 7 |  7.1

Action                   |  1- 3 |  4- 6 |  7- 9 | 10-12 || total
-------------------------+-------+-------+-------+-------++-------
Melee: War axe           |   108 |   235 |   119 |       ||   462
       Flail             |       |       |   186 |   414 ||   600
       Broad axe         |       |       |       |    61 ||    61
Evoke: Wand              |       |       |       |     7 ||     7
  Use: Scroll            |       |     1 |     9 |    14 ||    24
       Potion            |       |     1 |     1 |     4 ||     6
 Stab: Distracted        |       |     1 |     1 |     2 ||     4
  Eat: Chunk             |     2 |     8 |     5 |     9 ||    24
       Ration            |       |     1 |     2 |     4 ||     7
Armor: Leather armour    |    10 |       |       |       ||    10
       Pearl dragon scal |    30 |   120 |   125 |   266 ||   541
Dodge: Dodged            |    58 |    67 |    88 |   208 ||   421
Block: Shield            |       |   139 |   196 |   397 ||   732

Table legend:
 A = Non-vault XP
 B = Vault XP
 C = Vault XP percentage of total XP
 D = Non-vault monster count
 E = Vault monster count
 F = Vault count percentage of total count
                 A         B        C        D         E       F
            +---------+---------+-------+---------+---------+-------
      Total |   19237 |    5039 |  20.8 |     293 |      41 |  12.3
            +---------+---------+-------+---------+---------+-------
        D:1 |      49 |       4 |   7.5 |      28 |       3 |   9.7
        D:2 |      90 |     174 |  65.9 |      23 |       3 |  11.5
        D:3 |     142 |       0 |   0.0 |      28 |       0 |   0.0
        D:4 |     176 |       0 |   0.0 |       7 |       0 |   0.0
        D:5 |     332 |      99 |  23.0 |      10 |       3 |  23.1
        D:6 |     734 |       0 |   0.0 |      23 |       0 |   0.0
        D:7 |     747 |       5 |   0.7 |      21 |       1 |   4.5
        D:8 |     660 |       0 |   0.0 |      15 |       0 |   0.0
        D:9 |    1691 |     910 |  35.0 |      22 |       6 |  21.4
       D:10 |    2085 |       0 |   0.0 |      23 |       0 |   0.0
       D:11 |    5365 |     537 |   9.1 |      38 |       9 |  19.1
     Lair:1 |    4977 |       0 |   0.0 |      39 |       0 |   0.0
     Lair:2 |    1165 |    1977 |  62.9 |      12 |      13 |  52.0
     Lair:3 |    1024 |     552 |  35.0 |       4 |       2 |  33.3
    Volcano |       0 |     781 | 100.0 |       0 |       1 | 100.0
            +---------+---------+-------+---------+---------+-------
